[Event "Team 45 45 League T29"]
[Site "Free Internet Chess Server"]
[Date "2006.01.28"]
[Round "6"]
[White "Chessface"]
[Black "GadsHill"]
[Result "1-0"]
[WhiteElo "1652"]
[BlackElo "1647"]
[TimeControl "2700+45"]

1. d4 d6 2. e4 Nf6 3. Nc3 Nbd7 4. Nf3 e5 5. Bc4 Be7 6. O-O O-O 7. Be3 c6 8. a3 b5 9. Ba2 a6 10. b4 Bb7 11. Qd3 Qc7 12. Ng5 c5 13. dxc5 dxc5 14. Nd5 Nxd5 15. exd5 c4 16. Qxh7#   {Black checkmated} 1-0

[Event "Team 45 45 League T29"]
[Site "Free Internet Chess Server"]
[Date "2006.01.29"]
[Round "6"]
[White "Eshin"]
[Black "Fromper"]
[Result "1-0"]
[WhiteElo "1525"]
[BlackElo "1572"]
[TimeControl "2700+45"]

1. e4 e5 2. Nf3 Nc6 3. Bb5 a6 4. Ba4 Nf6 5. O-O Be7 6. Re1 d6 7. d4 b5 8. Bb3 exd4 9. Nxd4 Bb7 10. c3 O-O 11. f3 Ne5 12. a4 c5 13. Nf5 Re8 14. axb5 axb5 15. Rxa8 Bxa8 16. Bf4 Qb6 17. Nxe7+ Rxe7 18. Qd2 c4+ 19. Be3 Qc6 20. Bc2 Rd7 21. Bd4 Ng6 22. Na3 Re7 23. Bxf6 gxf6 24. Rd1 Re6 25. Qd4 Nf4 26. Qe3 Ng6 27. Qa7 Bb7 28. Rd5 Ba6 29. Nxb5 Bxb5 30. Qb8+ Kg7 31. Qxb5 Qc7 32. Rd4 Qa7 33. Qxc4 Ne5 34. Qa4 Qb6 35. Qb3 Qa7 36. Qa3 Qb6 37. Ba4 Qa7 38. Bb3 Re7 39. Qxa7 Rxa7 40. Bd5 Ra1+ 41. Kf2 Rb1 42. b4 Rc1 43. c4 Rb1 44. b5 Rb4 45. Ke3 Kf8 46. f4 Nd7 47. Rd2 Nb6 48. Kd4 Ke7 49. Ra2 Na4 50. f5 Ke8 51. Ra1 Ke7 52. Ra3 Ke8 53. Rh3 Rb2 54. g3   {Black resigns} 1-0

[Event "Team 45 45 League T29"]
[Site "Free Internet Chess Server"]
[Date "2006.01.29"]
[Round "6"]
[White "kosu"]
[Black "Fuzion"]
[Result "0-1"]
[WhiteElo "1622"]
[BlackElo "1698"]
[TimeControl "2700+45"]

1. e4 c5 2. Nf3 d6 3. d4 cxd4 4. c3 dxc3 5. Nxc3 Nc6 6. Bc4 Nf6 7. O-O Bg4 8. Bf4 a6 9. Qb3 e6 10. Qxb7 Na5 11. Qb4 e5 12. Bg5 d5 13. Qa4+ Bd7 14. Bxf6 gxf6 15. Qd1 dxc4 16. Qd2 Rb8 17. Nd5 Nc6 18. a3 Be6 19. Rfd1 Bc5 20. Rac1 Nd4 21. b4 Nb3 22. Qc2 Nxc1 23. Qa4+ Kf8 24. bxc5 Nd3 25. Qxc4 Nb2 26. Ne3 Nxc4 27. Rxd8+ Rxd8 28. Kf1 Nxe3+ 29. fxe3 Bc4+ 30. Kf2 Ke7 31. g4 Rd3 32. g5 Rxa3 33. gxf6+ Kxf6 34. h4 Ra2+ 35. Ke1 Rg8 36. c6 Be2 37. Nd2 Bb5 38. c7 Rc8 39. h5 Rxc7 40. h6 Rc1+ 41. Kf2 Rxd2+ 42. Kg3 Rg1+ 43. Kh3 Rdg2   {White resigns} 0-1

[Event "Team 45 45 League T29"]
[Site "Free Internet Chess Server"]
[Date "2006.01.27"]
[Round "6"]
[White "Ivanuk"]
[Black "DavetheBravest"]
[Result "0-1"]
[WhiteElo "1595"]
[BlackElo "1598"]
[TimeControl "2700+45"]

1. e4 Nc6 2. Nf3 d6 3. Nc3 Bg4 4. Be2 Qd7 5. d4 e6 6. Be3 Nh6 7. Qd2 a6 8. d5 Ne7 9. h3 Bh5 10. g4 Bg6 11. Nd4 exd5 12. exd5 Nhg8 13. f4 f5 14. O-O-O Bf7 15. Bf3 Nf6 16. Rhe1 fxg4 17. hxg4 Nxg4 18. Ne6 Nxe3 19. Rxe3 Bxe6 20. dxe6 Qc8 21. Bg4 h5 22. Bf3 Nf5 23. Rd3 Be7 24. Re1 c6 25. Qg2 Nh4 26. Qxg7 Rf8 27. Bxh5+ Kd8 28. Qxf8+ Bxf8 29. Rde3 Ng2 30. e7+ Bxe7 31. Rxe7 Nxe1 32. Re8+ Kc7 33. Rxc8+ Rxc8 34. Kd2 Ng2 35. f5 Rf8 36. Bg6 Nh4   {White resigns} 0-1

[Event "Team 45 45 League T29"]
[Site "Free Internet Chess Server"]
[Date "2006.01.26"]
[Round "6"]
[White "OldFlyer"]
[Black "MattBinMi"]
[Result "0-1"]
[WhiteElo "1563"]
[BlackElo "1640"]
[TimeControl "2700+45"]

1. d4 f5 2. Nf3 d5 3. Bf4 Nf6 4. e3 e6 5. Nbd2 Be7 6. c4 c6 7. Be2 O-O 8. O-O Bd7 9. Ne5 Be8 10. h3 Nbd7 11. Ndf3 Bd6 12. Rc1 h6 13. c5 Bxe5 14. Nxe5 g5 15. Bh2 Bf7 16. f4 Nxe5 17. dxe5 Nd7 18. b4 Kg7 19. fxg5 hxg5 20. g4 Bg6 21. gxf5 Bxf5 22. Bg4 Qe7 23. a3 b6 24. cxb6 Nxb6 25. a4 Nc4 26. Qe1 a6 27. Bxf5 Rxf5 28. Rxf5 exf5 29. Qg3 Re8 30. e6 Qxe6 31. Qxg5+ Qg6 32. Qxg6+ Kxg6 33. Bf4 Re6 34. Kf2 Nb2 35. Ra1 Nd3+ 36. Kf3 Nxb4 37. Rg1+ Kh7 38. Rg5 Rf6 39. Rh5+ Kg6 40. Rg5+ Kf7 41. Be5 Rg6 42. Rxf5+ Ke6 43. Rh5 Nd3 44. Bd4 c5 45. Ba1 c4 46. Bd4 Ne1+ 47. Kf2 Nc2 48. Bc3 Kd7 49. Rxd5+ Kc6 50. Rh5 Na3 51. h4 Nb1 52. Bb2 c3 53. Bc1 c2 54. Rg5 Rd6 55. Kf3 Nd2+ 56. Ke2 Ne4 57. Rg1 Nc3+ 58. Kf2 Nxa4 59. Ke2 Nc3+ 60. Kf2 Rh6 61. Rg4 Kb5 62. Ke1 Rd6 63. h5 Rd1+ 64. Kf2 Rxc1 65. h6 Rh1 66. Rg5+ Kc4 67. Rg4+ Kb3 68. Rg1 Rxg1 69. Kxg1 c1=Q+ 70. Kf2 Ne4+ 71. Kf3 Nf6 72. Kf4 Qf1+ 73. Kg5 Kc4 74. Kg6 Kd5 75. Kg7 Ke4   {White resigns} 0-1

[Event "Team 45 45 League T29"]
[Site "Free Internet Chess Server"]
[Date "2006.01.27"]
[Round "6"]
[White "wekabird"]
[Black "pedrotlima"]
[Result "0-1"]
[WhiteElo "1463"]
[BlackElo "1524"]
[TimeControl "2700+45"]

1. c4 e5 2. d3 Nf6 3. a3 Nc6 4. Nc3 Bc5 5. h3 h6 6. Nf3 b6 7. e4 O-O 8. g3 Nh7 9. Bg2 Bb7 10. O-O Ng5 11. Nxg5 hxg5 12. Kh2 g6 13. Rb1 Kg7 14. b4 Bd4 15. Ne2 Qe7 16. Nxd4 Nxd4 17. Bb2 Rh8 18. Bxd4 exd4 19. f4 a5 20. bxa5 Rxa5 21. a4 Bc6 22. Qg4 Bxa4 23. fxg5 Bc2 24. Rb5 Rxb5 25. cxb5 Bxd3 26. Rd1 Bxb5 27. Rxd4 c5 28. Rd5 Bc6 29. Rd2 Qe5 30. h4 b5 31. Rf2 c4 32. Rf6 c3 33. Rf1 b4 34. Rb1 c2 35. Rc1 b3 36. Qe2 Rxh4+ 37. Kg1 b2 38. Qxc2 Qd4+ 39. Kf1 Bb5+ 40. Ke1 Qe3+ 41. Kd1 bxc1=Q+ 42. Qxc1 Qe2#   {White checkmated} 0-1

[Event "Team 45 45 League T29"]
[Site "Free Internet Chess Server"]
[Date "2006.01.27"]
[Round "6"]
[White "AlefZero"]
[Black "Superselector"]
[Result "0-1"]
[WhiteElo "2247"]
[BlackElo "2051"]
[TimeControl "2700+45"]

1. e4 e5 2. Nc3 Nf6 3. Bc4 Nc6 4. d3 Na5 5. Nge2 Nxc4 6. dxc4 d6 7. O-O Be7 8. b3 O-O 9. f3 Be6 10. Be3 Nd7 11. Nd5 f5 12. exf5 Rxf5 13. Ng3 Rf8 14. Ne4 h6 15. Qd2 Kh7 16. Rad1 Nb6 17. Qd3 Kg8 18. Nxe7+ Qxe7 19. c5 d5 20. cxb6 dxe4 21. Qxe4 axb6 22. a4 Bf5 23. Qxb7 Bxc2 24. Rc1 Bxb3 25. Rxc7 Qf6 26. Rc6 Rab8 27. Qc7 Qf5 28. Rxb6 Rxb6 29. Bxb6 e4 30. Bd4 Qg6 31. f4 e3 32. Bxe3 Qe4 33. Qc3 Bxa4 34. Qd4 Qxd4 35. Bxd4 Rd8 36. Rd1 Bxd1   {White resigns} 0-1

[Event "Team 45 45 League T29"]
[Site "Free Internet Chess Server"]
[Date "2006.01.29"]
[Round "6"]
[White "bahus"]
[Black "mapipichess"]
[Result "1-0"]
[WhiteElo "1850"]
[BlackElo "1748"]
[TimeControl "2700+45"]

1. e4 c5 2. d4 cxd4 3. c3 dxc3 4. Nxc3 Nc6 5. Nf3 e6 6. Bc4 Bb4 7. O-O Nge7 8. Qe2 O-O 9. Rd1 Re8 10. Bg5 f6 11. Bxe6+ Kf8 12. Be3 Bxc3 13. bxc3 Qc7 14. Bb3 b6 15. Ng5 Ng6 16. Nxh7+ Ke7 17. Qh5 Nce5 18. f4 Qxc3 19. Bd4 Nxf4 20. Qxe8+ Kxe8 21. Bxc3 Ne2+ 22. Kf2 Nxc3 23. Rd4 Ng4+ 24. Kf3 Nxh2+ 25. Ke3 Ng4+ 26. Kd3 Nb5 27. Rd5 Ba6 28. Kd2 Ne5 29. Rc1 Bb7 30. Rxb5 Bxe4 31. Bd5 Bd3 32. Rb3 Rb8 33. Rxd3 Nxd3 34. Kxd3 Ke7 35. Kd4 Rh8 36. Be4 Kf7 37. Rc7 Ke7 38. Rxa7 Rb8 39. Bf5 Rd8 40. Kd5 b5 41. Rb7 Ra8 42. Rxd7+ Ke8 43. Ke6 Ra6+ 44. Rd6 Rxd6+ 45. Kxd6 b4 46. Kc5 b3 47. axb3 g5 48. Kc6 g4 49. b4 g3 50. b5 Ke7 51. b6 Ke8 52. b7 Kf7 53. b8=Q Kg7 54. Qf8#   {Black checkmated} 1-0

[Event "Team 45 45 League T29"]
[Site "Free Internet Chess Server"]
[Date "2006.01.29"]
[Round "6"]
[White "CelticDeath"]
[Black "szachmatt"]
[Result "0-1"]
[WhiteElo "1765"]
[BlackElo "1643"]
[TimeControl "2700+45"]

1. e4 c5 2. c3 Nc6 3. d4 cxd4 4. cxd4 d5 5. e5 e6 6. Nf3 Be7 7. Be3 Bd7 8. Nc3 Rc8 9. Qd2 Na5 10. Bd3 Nc4 11. Qe2 Bb4 12. O-O Nxb2 13. Bb5 Bxc3 14. Bxd7+ Qxd7 15. Rab1 Nc4 16. Rfc1 Nxe3 17. Qxe3 Ba5 18. Rxc8+ Qxc8 19. Qa3 Bb6 20. Rc1 Qd7 21. Ng5   {White resigns} 0-1

[Event "Team 45 45 League T29"]
[Site "Free Internet Chess Server"]
[Date "2006.01.27"]
[Round "6"]
[White "Cadger"]
[Black "Aul"]
[Result "1-0"]
[WhiteElo "1768"]
[BlackElo "1558"]
[TimeControl "2700+45"]

1. e4 g6 2. d4 d6 3. c4 Bg7 4. Nf3 Nc6 5. Be2 h6 6. Nc3 e6 7. Be3 Nge7 8. Qd2 a6 9. Rc1 Bd7 10. d5 Ne5 11. Nxe5 dxe5 12. O-O b6 13. f4 f5 14. b4 fxe4 15. fxe5 Nf5 16. Nxe4 Bxe5 17. Bf4 Bd4+ 18. Kh1 e5 19. Bg3 Be3 20. Qc3 Bd4 21. Qd3 Nxg3+ 22. Nxg3 Qg5 23. Bf3 O-O-O 24. Be4 Be8 25. Ne2 Be3 26. Rc2 Ba4 27. Rb2 Rhf8 28. Rbb1 Rg8 29. Nc3 Bd7 30. a4 Bf5 31. c5 b5 32. axb5 Bxe4 33. Nxe4 Qe7 34. c6 Bd4 35. Qa3 Kb8 36. Qxa6   {Black resigns} 1-0

[Event "Team 45 45 League T29"]
[Site "Free Internet Chess Server"]
[Date "2006.01.30"]
[Round "6"]
[White "MattBinMi"]
[Black "pollock"]
[Result "1-0"]
[WhiteElo "1644"]
[BlackElo "1791"]
[TimeControl "2700+45"]

1. Nf3 d5 2. d3 c6 3. Nbd2 Nf6 4. g3 Bg4 5. Bg2 Nbd7 6. O-O e5 7. e4 dxe4 8. dxe4 Bc5 9. c3 O-O 10. Qc2 Qc7 11. b4 Bb6 12. Nc4 Rad8 13. Bg5 h6 14. Bxf6 Bxf3 15. Bxd8   {Black resigns} 1-0

[Event "Team 45 45 League T29"]
[Site "Free Internet Chess Server"]
[Date "2006.01.29"]
[Round "6"]
[White "trajanus"]
[Black "AlefZero"]
[Result "0-1"]
[WhiteElo "2011"]
[BlackElo "2214"]
[TimeControl "2700+45"]

1. e4 c6 2. d4 d5 3. exd5 cxd5 4. c4 Nf6 5. Nc3 g6 6. Qb3 Bg7 7. Nf3 O-O 8. cxd5 Nbd7 9. Bc4 Nb6 10. O-O Bf5 11. Bf4 Rc8 12. Bb5 Nfxd5 13. Nxd5 Qxd5 14. Qxd5 Nxd5 15. Be5 Rc2 16. b3 Nc3 17. Bc4 b5 18. Ne1 bxc4 19. Nxc2 Bxc2 20. bxc4 f6 21. Bg3 Ne2+ 22. Kh1 Nxd4 23. Rac1 e5 24. f3 Rc8 25. Bf2 Rxc4 26. Rfe1 Bh6 27. Be3 Bxe3 28. Rxe3 Kf7 29. Kg1 a5 30. Kf2 Ke6 31. Ke1 Kd5 32. Kd2 f5 33. h4 Ra4   {White resigns} 0-1

[Event "Team 45 45 League T29"]
[Site "Free Internet Chess Server"]
[Date "2006.01.30"]
[Round "6"]
[White "Zupa"]
[Black "zota"]
[Result "1-0"]
[WhiteElo "2093"]
[BlackElo "1937"]
[TimeControl "2700+45"]

1. e4 c5 2. Nf3 d6 3. d4 cxd4 4. Nxd4 Nf6 5. Nc3 a6 6. Be3 e5 7. Nb3 Be6 8. f3 Be7 9. Qd2 Qc7 10. g4 Nbd7 11. g5 Nh5 12. O-O-O Rc8 13. Kb1 b5 14. Rg1 O-O 15. Qf2 b4 16. Nd5 Bxd5 17. exd5 Nc5 18. Nxc5 dxc5 19. Bxa6 Ra8 20. Bc4 Ra5 21. g6 Qd6 22. gxh7+ Kxh7 23. Bg5 Bxg5 24. Rxg5 g6 25. Qh4 Re8 26. Rdg1   {Black forfeits on time} 1-0

[Event "Team 45 45 League T29"]
[Site "Free Internet Chess Server"]
[Date "2006.01.28"]
[Round "6"]
[White "PGierech"]
[Black "RoZa"]
[Result "0-1"]
[WhiteElo "1737"]
[BlackElo "1927"]
[TimeControl "2700+45"]

1. e4 e5 2. Nf3 d6 3. d4 Nf6 4. dxe5 Nxe4 5. Qd5 Nc5 6. Bg5 Be7 7. exd6 Qxd6 8. Qxd6 Bxd6 9. Nc3 Bg4 10. Be2 O-O 11. O-O-O a6 12. h3 Be6 13. Nd4 f6 14. Nxe6 Nxe6 15. Bh4 g5 16. Bc4 Re8 17. Rhe1 Kf7 18. Rxe6 Rxe6 19. Re1 gxh4 20. Rxe6 Kg6 21. Re8 c6 22. Ne4 Bf4+ 23. Kd1 b5 24. Be6 Ra7 25. Rg8+ Rg7 26. Rxg7+ Kxg7 27. Ke2 Be5 28. b4 Kf8 29. Ke3 Ke7 30. Bf5 h6 31. f4 Bb2 32. Kd2 Bd4 33. c3 Bb6 34. Ke2 a5 35. a3 axb4 36. axb4 Na6 37. Kf3 Nc7 38. Bc8 Nd5 39. f5 Bc7 40. Be6 Be5 41. c4 Nxb4 42. cxb5 cxb5 43. Kg4 Nc6 44. Kxh4 Nd4 45. Kh5 Nxe6 46. fxe6 Kxe6 47. Kxh6 Kd5 48. Nd2 Bf4+ 49. Kg6 Bxd2   {White resigns} 0-1

[Event "Team 45 45 League T29"]
[Site "Free Internet Chess Server"]
[Date "2006.01.28"]
[Round "6"]
[White "tomito"]
[Black "nitedozer"]
[Result "1-0"]
[WhiteElo "1913"]
[BlackElo "1900"]
[TimeControl "2700+45"]

1. d4 d6 2. c4 e5 3. dxe5 dxe5 4. Qxd8+ Kxd8 5. e4 Be6 6. Nf3 f6 7. Be3 Nd7 8. a3 a5 9. Be2 c6 10. Nc3 Kc7 11. Rd1 Nh6 12. h3 Nf7 13. O-O Bc5 14. Bxc5 Nxc5 15. Nd2 Rad8 16. b4 axb4 17. axb4 Nd3 18. Nd5+ Bxd5 19. cxd5 Nxb4 20. Rb1 Nc2 21. Rfc1 Nd4 22. Bd3 Nd6 23. Nb3 Nxb3 24. Rxb3 Rc8 25. Rbc3 Kd7 26. Be2 h5 27. Rg3 g5 28. Rd3 Ke7 29. Rb1 Rc7 30. dxc6 bxc6 31. f3 Nb5 32. Bf1 Nd4 33. Ra3 h4 34. Rba1 Rb8 35. Ra7 Rbb7 36. Ra8 c5 37. Bc4 Rb6 38. Rh8 Rcb7 39. Kh2 Rb2 40. Ra3 R2b6 41. Raa8 Nc6 42. Rae8+ Kd7 43. Bd5 Rc7 44. Re6 Rb8 45. Rh7+ Kd8 46. Rxc7   {Black resigns} 1-0

[Event "Team 45 45 League T29"]
[Site "Free Internet Chess Server"]
[Date "2006.01.29"]
[Round "6"]
[White "wester"]
[Black "nimzovit"]
[Result "0-1"]
[WhiteElo "1968"]
[BlackElo "1899"]
[TimeControl "2700+45"]

1. d4 g6 2. c4 Bg7 3. e4 d6 4. Nc3 Nc6 5. Be3 e5 6. d5 Nce7 7. Be2 f5 8. f3 Nf6 9. b4 O-O 10. c5 fxe4 11. fxe4 a6 12. Rc1 h6 13. Nf3 Ng4 14. Qd2 Nxe3 15. Qxe3 g5 16. O-O Ng6 17. Nd2 Nf4 18. Bd1 Bd7 19. Nc4 Qe8 20. cxd6 b5 21. Na5 cxd6 22. Ne2 Rc8 23. Bb3 Nxe2+ 24. Qxe2 Rxc1 25. Rxc1 Qd8 26. Qe3 Qf6 27. Nc6 h5 28. Qe1 g4 29. Rc2 Bh6 30. Rf2 Qxf2+ 31. Qxf2 Rxf2 32. Kxf2 Kg7 33. a4 Kf6 34. Ke2 Bc1 35. axb5 axb5 36. Kd3 h4 37. Bd1 Bf4 38. h3 gxh3 39. gxh3 Bxh3 40. Ke2 Bg4+   {White resigns} 0-1

[Event "Team 45 45 League T29"]
[Site "Free Internet Chess Server"]
[Date "2006.01.29"]
[Round "6"]
[White "Enz"]
[Black "noHz"]
[Result "1/2-1/2"]
[WhiteElo "1818"]
[BlackElo "1884"]
[TimeControl "2700+45"]

1. d4 d5 2. e3 Nf6 3. f4 c5 4. Nf3 Nc6 5. c3 Bf5 6. Bd3 Bxd3 7. Qxd3 e6 8. O-O Ne4 9. Nbd2 f5 10. Ne5 Nxe5 11. fxe5 c4 12. Qc2 Nxd2 13. Bxd2 Qd7 14. b3 Qc6 15. b4 Be7 16. a4 g5   {Game drawn by mutual agreement} 1/2-1/2

[Event "Team 45 45 League T29"]
[Site "Free Internet Chess Server"]
[Date "2006.01.31"]
[Round "6"]
[White "nham"]
[Black "danijelo"]
[Result "1-0"]
[WhiteElo "1927"]
[BlackElo "1819"]
[TimeControl "2700+45"]

1. e4 c5 2. Nc3 g6 3. f4 Bg7 4. Nf3 d6 5. Bc4 e6 6. O-O Nc6 7. d3 Nge7 8. Qe1 O-O 9. Qh4 Bd7 10. f5 exf5 11. Bh6 Be6 12. Bxe6 fxe6 13. Ng5 Nc8 14. Bxg7 Kxg7 15. Nxe6+   {Black resigns} 1-0

[Event "Team 45 45 League T29"]
[Site "Free Internet Chess Server"]
[Date "2006.01.27"]
[Round "6"]
[White "atilano"]
[Black "RussoTuristo"]
[Result "1-0"]
[WhiteElo "2018"]
[BlackElo "2061"]
[TimeControl "2700+45"]

1. e4 c5 2. Nf3 d6 3. d4 cxd4 4. Nxd4 Nf6 5. Nc3 Bd7 6. Be2 g6 7. O-O Bg7 8. Bg5 Nc6 9. Nb3 a6 10. Qd2 h5 11. Rad1 b5 12. Bxf6 Bxf6 13. Nd5 Bg7 14. c3 O-O 15. f4 Rc8 16. f5 Kh7 17. Qg5 Bh6 18. Qh4 Rg8 19. Nd4 Nxd4 20. Rxd4 Rf8 21. Kh1 Bg7 22. Nxe7 Bxd4 23. Bxh5 g5 24. Bg6+ Kg7 25. f6+ Bxf6 26. Qh7#   {Black checkmated} 1-0

[Event "Team 45 45 League T29"]
[Site "Free Internet Chess Server"]
[Date "2006.01.29"]
[Round "6"]
[White "HotDonut"]
[Black "Amauta"]
[Result "1/2-1/2"]
[WhiteElo "1975"]
[BlackElo "1914"]
[TimeControl "2700+45"]

1. Nf3 f5 2. g3 Nf6 3. Bg2 e6 4. O-O Be7 5. c4 O-O 6. b3 c6 7. d3 d5 8. Bb2 Nbd7 9. Nbd2 Qe8 10. Qc2 Bd6 11. e4 fxe4 12. dxe4 Qg6 13. Nh4 Qf7 14. Rae1 Ng4 15. Nhf3 Qg6 16. Qb1 dxc4 17. Nxc4 Bc5 18. e5 Qh5 19. Ncd2 Nb6 20. h3 Nh6 21. Ne4 Be7 22. Nfd2 Bd7 23. Nd6 Rab8 24. N2e4 Nf7 25. Nxf7 Rxf7 26. Nd6 Rff8 27. Re4 Be8 28. Nxe8 Rbxe8 29. h4 Rd8 30. Bh3 Qh6 31. Rg4 Qd2 32. Bc1 Qd5 33. Bh6 Rf7 34. Be3 Bc5 35. Bxc5 Qxc5 36. Qe4 Rdf8 37. Rf4 Rxf4 38. gxf4 Re8 39. Rd1 Qe7 40. Rd6 Qxh4 41. Rxe6 Rf8 42. Bf5 Qh5 43. Bg6 Qg4+ 44. Kf1 Qxe6 45. Bxh7+ Kh8 46. f5 Qd5 47. Qh4 Qd2 48. Bg6+ Qh6 49. Qe7 Qh1+ 50. Ke2 Qe4+ 51. Kf1 Qd3+ 52. Kg1 Qd1+ 53. Kh2 Qd8 54. f6 Qxe7 55. fxe7 Rc8 56. e8=Q+ Rxe8 57. Bxe8 Kg8 58. Bg6 Nd5 59. Kg3 Kf8 60. f4 Ke7 61. a4 Ke6 62. Be4 g5 63. fxg5 Kxe5 64. Bc2 a5 65. g6 Kf6 66. Kf3 Ne7 67. Kf4 b6 68. Bd3 c5 69. Be4 Nc8 70. Kg4 Nd6 71. Bd3 Ne8 72. Kh5 Kg7 73. Kg5 Nd6 74. Bc2 c4 75. bxc4 Nxc4 76. Bd3 Nd6 77. Kf4 Kf6 78. Ke3 Nb7 79. Kd4 Nc5 80. Bc2   {Game drawn by mutual agreement} 1/2-1/2

[Event "Team 45 45 League T29"]
[Site "Free Internet Chess Server"]
[Date "2006.01.29"]
[Round "6"]
[White "hugozver"]
[Black "Nemisis"]
[Result "1/2-1/2"]
[WhiteElo "1871"]
[BlackElo "1935"]
[TimeControl "2700+45"]

1. e4 d6 2. Bc4 Nf6 3. d3 e5 4. Nf3 Nc6 5. c3 Be7 6. O-O O-O 7. Re1 Be6 8. a4 Bxc4 9. dxc4 b6 10. Nbd2 Nd7 11. Qe2 Bg5 12. b3 Bxd2 13. Nxd2 f5 14. exf5 Rxf5 15. Nf1 Ne7 16. Ng3 Rf8 17. Ne4 Ng6 18. g3 Nf6 19. Bg5 Qd7 20. Nxf6+ gxf6 21. Bh6 Rf7 22. Qh5 f5 23. Rad1 Kh8 24. f3 Rg8 25. Qh3 f4 26. Qxd7 Rxd7 27. Kf2 Rf7 28. gxf4 Nxf4 29. Bxf4 Rxf4 30. Re4 Rf6 31. Rh4 Rgf8 32. Rh3 e4 33. Ke3 exf3 34. Rf1 Re8+ 35. Kf2 Re2+ 36. Kg1 Rg6+ 37. Kh1 f2 38. Rf3 Rb2 39. R3xf2 Rxb3 40. Rf7 Rxc3 41. Rxc7 d5 42. Rxa7 Rxc4 43. h3 Rc3 44. Kh2 Rc2+ 45. Kh1 Rcg2 46. Rf8+ Rg8 47. Rxg8+ Rxg8 48. Rd7 Ra8 49. Rxd5 Rxa4 50. Rb5 Ra6 51. Kg2 Kg7 52. h4 Kg6 53. Kg3 Kf6 54. Kf4 Ke6 55. Rh5 Ra4+ 56. Ke3 Ra7 57. Rh6+ Kf5 58. Rxb6 Kg4 59. Rb4+ Kh5 60. Kf3 Rg7 61. Rc4 h6 62. Rb4 Rg1 63. Rc4 Ra1 64. Rb4 Ra3+ 65. Kg2 Ra2+   {Game drawn by mutual agreement} 1/2-1/2

[Event "Team 45 45 League T29"]
[Site "Free Internet Chess Server"]
[Date "2006.01.30"]
[Round "6"]
[White "Pieris"]
[Black "LLIAMAH"]
[Result "1/2-1/2"]
[WhiteElo "1641"]
[BlackElo "1758"]
[TimeControl "2700+45"]

1. e4 Nf6 2. e5 Nd5 3. d4 e6 4. Nf3 c5 5. Bc4 Nb6 6. Bb3 c4 7. Bxc4 Nxc4 8. c3 Qc7 9. Nbd2 Nxd2 10. Nxd2 b6 11. O-O Bb7 12. Qg4 d6 13. f4 f5 14. exf6 gxf6 15. Qxe6+ Qe7 16. Re1 Qxe6 17. Rxe6+ Kf7 18. Re2 Rg8 19. b3 Na6 20. Ba3 Nc7 21. g3 Bh6 22. Bxd6 Nb5 23. Re7+ Kf8 24. Rxh7+ Nxd6 25. Rxh6 Kf7 26. Rh7+ Rg7 27. Rxg7+ Kxg7 28. Re1 Kf7 29. c4 f5 30. d5 Rf8 31. Re6 Rd8 32. h4 Bc8 33. Re2 Re8 34. Rxe8 Kxe8 35. Kg2 Ke7 36. Kh3 Bd7 37. Kg2 Be8 38. Kf2 Bh5 39. Ke3 Nb7 40. Kd4 Kd6 41. b4 Bd1 42. Nf1 Bh5 43. Nd2 a5 44. a3 a4 45. Nb1 Be8 46. Nd2 Bh5   {Game drawn by mutual agreement} 1/2-1/2

[Event "Team 45 45 League T29"]
[Site "Free Internet Chess Server"]
[Date "2006.01.28"]
[Round "6"]
[White "BIRDSMAN"]
[Black "Berke"]
[Result "0-1"]
[WhiteElo "1590"]
[BlackElo "1544"]
[TimeControl "2700+45"]

1. e4 Nc6 2. Nf3 e5 3. Bb5 Nge7 4. Nc3 a6 5. Ba4 b5 6. Bb3 Ng6 7. d3 Bc5 8. Be3 Bxe3 9. fxe3 d6 10. O-O O-O 11. d4 exd4 12. exd4 b4 13. Ne2 a5 14. a4 Ba6 15. c3 Rb8 16. Rf2 bxc3 17. bxc3 Qe7 18. Rb1 Nd8 19. Ng3 h6 20. Nf5 Qxe4 21. Bc2 Rxb1 22. Qxb1 Qb7 23. Qe1 Qc6 24. Ne7+ Nxe7 25. Qxe7 Bc4 26. Bh7+ Kxh7 27. Qxf8 Qxa4 28. h3 Qd7 29. Nh4 Be6 30. Rb2 Nc6 31. Rf2 a4 32. d5 Bxd5 33. Rxf7 Qxf7   {White resigns} 0-1

[Event "Team 45 45 League T29"]
[Site "Free Internet Chess Server"]
[Date "2006.01.27"]
[Round "6"]
[White "SuperDiman"]
[Black "alfreale"]
[Result "0-1"]
[WhiteElo "1426"]
[BlackElo "1482"]
[TimeControl "2700+45"]

1. e4 e5 2. Nf3 Nc6 3. d4 exd4 4. Nxd4 Nxd4 5. Qxd4 d6 6. Nc3 Qf6 7. Qxf6 Nxf6 8. Bg5 Be7 9. Nd5 Nxd5 10. exd5 Bxg5 11. Bb5+ Bd7 12. Bxd7+ Kxd7 13. O-O Rhe8 14. f4 Bf6 15. c3 Re2 16. Rab1 Rae8 17. Rf2 Rxf2 18. Kxf2 g5 19. Kf3 gxf4 20. Kxf4 Be5+ 21. Kg4 Rg8+ 22. Kh3 c6 23. dxc6+ Kxc6 24. g3 f5 25. Rf1 Rf8 26. Kh4 f4 27. Kg4 f3 28. Rxf3 Rxf3 29. Kxf3 Kd7 30. Kg4 Ke7 31. Kf5 Kf7 32. Ke4 Ke6 33. Kd3 Kd5 34. b3 a6 35. a3 Kc5 36. b4+ Kc6 37. a4 b5 38. a5 Kd5 39. Kc2 Kc4 40. Kd2 Bxc3+   {White resigns} 0-1

[Event "Team 45 45 League T29"]
[Site "Free Internet Chess Server"]
[Date "2006.01.25"]
[Round "6"]
[White "RomaLavrn"]
[Black "zcomcon"]
[Result "1-0"]
[WhiteElo "1917"]
[BlackElo "1676"]
[TimeControl "2700+45"]

1. Nf3 Nf6 2. c4 c5 3. g3 b6 4. Bg2 Bb7 5. O-O e6 6. Nc3 a6 7. Re1 Be7 8. e4 d6 9. d4 cxd4 10. Nxd4 Nbd7 11. e5 Bxg2 12. exf6 Bxf6 13. Kxg2 Qc7 14. b3 O-O 15. Ne4 Be7 16. Bg5 f6 17. Nxe6 Qc6 18. Nxf8 Rxf8 19. Bf4 f5 20. Bxd6 Bxd6 21. Qxd6 Qb7 22. Rad1 Nf6 23. Qe6+ Kh8 24. Qxf5 Re8 25. f3   {Black resigns} 1-0

[Event "Team 45 45 League T29"]
[Site "Free Internet Chess Server"]
[Date "2006.01.29"]
[Round "6"]
[White "thelovegambit"]
[Black "jjgsmm"]
[Result "0-1"]
[WhiteElo "1618"]
[BlackElo "1661"]
[TimeControl "2700+45"]

1. Nf3 d5 2. g3 Nc6 3. Bg2 e5 4. d3 Nf6 5. O-O Bf5 6. Nbd2 Qd7 7. Re1 Bh3 8. e4 Bxg2 9. Kxg2 d4 10. Nc4 Bd6 11. Bg5 h6 12. Bxf6 gxf6 13. Nxd6+ Qxd6 14. c3 O-O-O 15. b4 dxc3 16. a3 Qxd3 17. Qxd3 Rxd3 18. Rac1 Nd4 19. Re3 Rxe3 20. fxe3 Nxf3 21. Kxf3 Rd8 22. Rxc3 Rd2 23. h4 Kd7 24. Kg4 Rg2 25. Rd3+ Ke7 26. Rc3 Kd7 27. Rd3+ Kc6 28. Rd5 a6 29. a4 Rb2 30. Rc5+ Kd6 31. Rd5+ Ke6 32. b5 axb5 33. axb5 Rb4 34. Kf3 f5 35. Rc5 fxe4+ 36. Ke2 Kd6   {White resigns} 0-1

[Event "Team 45 45 League T29"]
[Site "Free Internet Chess Server"]
[Date "2006.01.29"]
[Round "6"]
[White "Niettajean"]
[Black "ahorse"]
[Result "0-1"]
[WhiteElo "1549"]
[BlackElo "1536"]
[TimeControl "2700+45"]

1. e4 c5 2. c3 Nf6 3. d3 d5 4. e5 Ng4 5. Nf3 Nc6 6. d4 e6 7. Bb5 a6 8. Ba4 cxd4 9. Nxd4 Nxe5 10. Nxc6 Nxc6 11. O-O Bd6 12. Nd2 Bd7 13. Nf3 Qb6 14. Bb3 h5 15. Be3 Qc7 16. Ba4 h4 17. Bxc6 bxc6 18. Qd4 e5 19. Qb6 Qc8 20. Bg5 h3 21. g3 Rb8 22. Qe3 f6 23. Bf4 Kd8 24. Bxe5 Bxe5 25. Nxe5 fxe5 26. Qxe5 Rg8 27. Rfe1 Re8 28. Qg5+ Kc7 29. Qf4+ Kb7 30. Red1 Qd8 31. c4 Qf6 32. Qd2 Qf3 33. Qxd5 cxd5   {White resigns} 0-1

[Event "Team 45 45 League T29"]
[Site "Free Internet Chess Server"]
[Date "PST.02.0"]
[Round "6"]
[White "SamuraiGoroh"]
[Black "MegaSkins"]
[Result "1-0"]
[WhiteElo "1490"]
[BlackElo "1469"]
[TimeControl "2700+45"]

1. e4 d6 2. d4 Nf6 3. Bd3 g6 4. Ne2 Bg7 5. f3 O-O 6. O-O e5 7. Be3 Nbd7 8. d5 Qe7 9. Qd2 h5 10. Bh6 Nc5 11. Bxg7 Kxg7 12. Nbc3 Bd7 13. b4 Nxd3 14. cxd3 c6 15. f4 cxd5 16. fxe5 dxe5 17. Qg5 dxe4 18. Nxe4 Rae8 19. Qxf6+ Qxf6 20. Nxf6 Re7 21. Nxd7 Rxd7 22. Rfd1 Rfd8 23. Rac1 f5 24. Rc3 e4 25. d4 g5 26. Kf2 Kf6 27. Ke3 h4 28. b5 Ra8 29. Rdc1 Rdd8 30. Rc7 b6 31. R1c6+   {Black resigns} 1-0